 Dungeon Crawl Stone Soup version 0.29-a0-334-gb41bcbb86e (webtiles) character file.

Game seed: 3944696132055708434

401 spaghetti the Covert (level 6, 0/46 (50) HPs)
             Began as a Deep Dwarf Arcane Marksman on Apr 15, 2022.
             Was an Initiate of Makhleb.
             Slain by Edmund
             ... wielding a +1 dire flail of protection
              (7 damage)
             ... on level 4 of the Dungeon.
             The game lasted 00:08:41 (3287 turns).

spaghetti the Covert (Deep Dwarf Arcane Marksman)   Turns: 3287, Time: 00:08:41

HP:   0/46 (50)     AC:  4    Str:  9 (12) XL:     6   Next: 54%
MP:   8/8           EV: 12    Int: 14 (15) God:    Makhleb [......]
Gold: 192           SH:  0    Dex:  9 (11) Spells: 1/8 levels left

rFire   . . .      SeeInvis .   a - +1 hand crossbow {crossbow}
rCold   . . .      Faith    .   (no shield)
rNeg    . . .      Spirit   .   b - +0 robe
rPois   .          Reflect  .   (no helmet)
rElec   .          Harm     .   (no cloak)
rCorr   .          Rampage  .   (no gloves)
Will    .....      Clarity  +   (no boots)
Stlth   ++++......              (no amulet)
HPRegen 0.00/turn               (no ring)
MPRegen 0.11/turn               (no ring)

@: drained
A: damage resistance, heal wounds, sense surroundings 1, no regeneration,
iridescent scales 1, clarity, clumsy 1, weak 1
a: Heal Wounds, Renounce Religion


You were on level 4 of the Dungeon.
You worshipped Makhleb.
Makhleb was noncommittal.
You visited 1 branch of the dungeon, and saw 4 of its levels.

You collected 192 gold pieces.


Innate Abilities, Weirdness & Mutations

You are resistant to damage.
You can heal yourself by infusing magical energy.
You passively map a small area around you.
You do not regenerate.
You are partially covered in iridescent scales. (AC +2)
You possess an exceptional clarity of mind.
You are clumsy. (Dex -2)
You are weak. (Str -2)


   Skills:
 - Level 0.8 Fighting
 + Level 9.6 Crossbows
 - Level 2.1 Dodging
 * Level 10.9 Stealth
 + Level 1.6 Spellcasting
 + Level 2.8 Hexes
 + Level 1.5 Translocations


You had one spell level left.
You knew the following spells:

 Your Spells              Type           Power      Damage    Failure   Level
a - Slow                  Hex            36%        N/A       8%          1
b - Inner Flame           Hex/Fire       5%         N/A       38%         3
c - Portal Projectile     Hex/Tloc       14%        N/A       30%         3

Your spell library contained the following spells:

 Spells                   Type           Power      Damage    Failure   Level
 Cause Fear               Hex            4%         N/A       58%         4

Inventory:

Hand Weapons
 a - a +1 hand crossbow (weapon) {crossbow}
 f - a +2 vorpal mace {mace}
   (You found it on level 1 of the Dungeon)
 h - a +0 dagger of freezing {short}
   (You took it off a goblin on level 1 of the Dungeon)
 k - a -1 dagger of freezing {short}
   (You found it on level 1 of the Dungeon)
 s - a +2 trident of freezing {polearm}
   (You took it off an orc on level 4 of the Dungeon)
Missiles
 i - 11 poisoned darts {throwing}
 j - 148 stones {throwing}
 u - 3 boomerangs {throwing}
Armour
 b - a +0 robe (worn)
Jewellery
 m - a ring of poison resistance
   (You found it on level 1 of the Dungeon)
Wands
 n - a wand of flame (7)
   (You found it on level 3 of the Dungeon)
Scrolls
 c - a scroll of vulnerability {!r!r}
 d - a scroll of enchant weapon
 e - 2 scrolls of magic mapping {!r}
 g - a scroll of summoning {unknown}
 l - a scroll of teleportation {@r4}
Potions
 q - a potion of attraction {unknown}
 r - a potion of haste {unknown}
 t - a potion of flight {unknown}

Dungeon Overview and Level Annotations

Branches:
Dungeon (4/15)             Temple (0/1) D:4

Altars:
Makhleb
Zin

Annotations:
D:4 Blork the orc, Edmund

* ...### ###. ,
......##..# #... , ,,
,......#...# ###..
..........### #2#_. *
*#.....#....## ###.. , .
.....#.....# ###### , ,
..., #..##.#..# #.###. ,
.....#...#.#..#####..##)
, ,
#...@........#.##....
......@##..#...##.#..##.
.......,####.......)....
* ......# *
#..##.......# , .#....
##.###..#...# * ...$..
*###..##..#.#.# *.....
...#....###)###.# #....
...............<. * ,
............)†....


You could see Edmund.


Message History

You take 4 damage, and now have 25/46 hp.
Aiming: Throw Flame
Press: ? - help, Shift-Dir - straight line, f/p - Edmund
Aim: Edmund, wielding a +1 dire flail of protection and wearing a +2 leather armour of willpower (lightly wounded, 68% to hit)
The puff of flame hits Edmund!
Edmund hits you with a +1 dire flail of protection!
* * * LOW HITPOINT WARNING * * *
😨 HP[-7]
You take 7 damage, and now have 18/46 hp.
Aiming: Throw Flame
Press: ? - help, Shift-Dir - straight line, f/p - Edmund
Aim: Edmund, wielding a +1 dire flail of protection and wearing a +2 leather armour of willpower (moderately wounded, 68% to hit)
The puff of flame misses Edmund.
Edmund hits you with a +1 dire flail of protection.
* * * LOW HITPOINT WARNING * * *
😨 HP[-3]
You take 3 damage, and now have 15/46 hp.
You feel much better.
Edmund hits you with a +1 dire flail of protection. 😕 HP[+26] MP[+1]
You regained 26 hp, and now have 41/46 hp.
Your mp is fully restored (8).
It was a potion of heal wounds.
You feel much better. Edmund closely misses you. 😎 HP[+5]
Your hp is fully restored (46).
Okay, then.
Shoot: a) +1 hand crossbow {crossbow}
Press: ? - help, Q - select action, (/) - cycle Shift-Dir - straight line, f/p - Edmund
Aim: Edmund, wielding a +1 dire flail of protection and wearing a +2 leather armour of willpower (moderately wounded, 63% to hit)
You shoot a bolt. The bolt hits Edmund.
Edmund hits you with a +1 dire flail of protection.
Shoot: a) +1 hand crossbow {crossbow}
Press: ? - help, Q - select action, (/) - cycle Shift-Dir - straight line, f/p - Edmund
Aim: Edmund, wielding a +1 dire flail of protection and wearing a +2 leather armour of willpower (moderately wounded, 63% to hit)
You shoot a bolt. The bolt hits Edmund.
Edmund closely misses you.
Shoot: a) +1 hand crossbow {crossbow}
Press: ? - help, Q - select action, (/) - cycle Shift-Dir - straight line, f/p - Edmund
Aim: Edmund, wielding a +1 dire flail of protection and wearing a +2 leather armour of willpower (heavily wounded, 63% to hit)
You shoot a bolt. The bolt barely misses Edmund.
Edmund barely misses you.
Shoot: a) +1 hand crossbow {crossbow}
Press: ? - help, Q - select action, (/) - cycle Shift-Dir - straight line, f/p - Edmund
Aim: Edmund, wielding a +1 dire flail of protection and wearing a +2 leather armour of willpower (heavily wounded, 63% to hit)
You shoot a bolt.
The bolt hits Edmund but does no damage.
Edmund barely misses you.
Shoot: a) +1 hand crossbow {crossbow}
Press: ? - help, Q - select action, (/) - cycle Shift-Dir - straight line, f/p - Edmund
Aim: Edmund, wielding a +1 dire flail of protection and wearing a +2 leather armour of willpower (heavily wounded, 63% to hit)
You shoot a bolt. The bolt barely misses Edmund.
Edmund hits you with a +1 dire flail of protection! 😮 HP[-15]
You take 15 damage, and now have 31/46 hp.
MASSIVE DAMAGE!! (PAUSE) Shoot: a) +1 hand crossbow {crossbow}
Press: ? - help, Q - select action, (/) - cycle Shift-Dir - straight line, f/p - Edmund
Aim: Edmund, wielding a +1 dire flail of protection and wearing a +2 leather armour of willpower (heavily wounded, 63% to hit)
You shoot a bolt.
The bolt hits Edmund but does no damage.
Edmund barely misses you.
Shoot: a) +1 hand crossbow {crossbow}
Press: ? - help, Q - select action, (/) - cycle Shift-Dir - straight line, f/p - Edmund
Aim: Edmund, wielding a +1 dire flail of protection and wearing a +2 leather armour of willpower (heavily wounded, 63% to hit)
You shoot a bolt. The bolt closely misses Edmund.
Edmund hits you with a +1 dire flail of protection!
* * * LOW HITPOINT WARNING * * *
😨 HP[-10]
You take 10 damage, and now have 21/46 hp.
MASSIVE DAMAGE!! (PAUSE) It was a potion of degeneration.
There was something very wrong with that liquid.
You feel weakened.
You feel dopey.
You feel clumsy. Edmund barely misses you.
Aiming: Throw Flame
Press: ? - help, Shift-Dir - straight line, f/p - Edmund
Aim: Edmund, wielding a +1 dire flail of protection and wearing a +2 leather armour of willpower (heavily wounded, 68% to hit)
The puff of flame hits Edmund.
Edmund drinks a potion.
Edmund is healed!
Aiming: Throw Flame
Press: ? - help, Shift-Dir - straight line, f/p - Edmund
Aim: Edmund, wielding a +1 dire flail of protection and wearing a +2 leather armour of willpower (moderately wounded, 68% to hit)
The puff of flame hits Edmund!
Edmund hits you with a +1 dire flail of protection!
* * * LOW HITPOINT WARNING * * *
😨 HP[-5]
You take 5 damage, and now have 16/46 hp.
Aiming: Throw Flame
Press: ? - help, Shift-Dir - straight line, f/p - Edmund
Aim: Edmund, wielding a +1 dire flail of protection and wearing a +2 leather armour of willpower (heavily wounded, 68% to hit)
The puff of flame misses Edmund.
Edmund hits you with a +1 dire flail of protection!
* * * LOW HITPOINT WARNING * * *
😱 HP[-9]
You take 9 damage, and now have 7/46 hp.
You fail to use your ability.
Edmund hits you with a +1 dire flail of protection!
You die...

Skill      XL: |  1  2  3  4 |
---------------+-------------+-----
Crossbows      | 3 9 |  9.6
Stealth        | 1 2 10 | 10.9
Translocations | 1 |  1.5
Fighting       | |  0.8
Dodging        | |  2.1
Spellcasting   | |  1.6
Hexes          | |  2.8

Action                   |  1- 3 |  4- 6 || total
-------------------------+-------+-------++-------
 Fire: Hand crossbow     |   134 |   152 ||   286
 Cast: Slow              |     4 |    29 ||    33
 Abil: Heal Wounds       |       |     2 ||     2
Evoke: Wand              |       |    12 ||    12
  Use: Potion            |     1 |     6 ||     7
       Scroll            |       |     7 ||     7
Armor: Robe              |     4 |    18 ||    22
Dodge: Dodged            |    37 |    54 ||    91

Levels and vault maps discovered:
D:1:      scummos_arrival_simple_fountains, layout_loops_ring,
          ebering_ecumenical_altar_rust, solitary_fountain, minmay_tromino_v4_c
D:2:      layout_basic, nicolae_grassy_gnolls
D:3:      layout_loops_cross, minmay_checkerbox
D:4:      layout_cave_pools, grunt_temple_overflow_order_and_chaos_2,
          kennysheep_mini, temple_hall, uniq_edmund, uniq_blork_the_orc,
          uniq_sigmund

Notes
Turn   | Place    | Note
-------+----------+-------------------------------------------
     0 | D:1      | spaghetti the Deep Dwarf Arcane Marksman began the quest
                  | for the Orb.
     0 | D:1      | Reached XP level 1. HP: 16/16 MP: 2/2
     0 | D:1      | magus.rc [v1.9.6]
   345 | D:1      | Reached skill level 3 in Crossbows
   345 | D:1      | Reached XP level 2. HP: 24/24 MP: 3/3
   366 | D:1      | Found a faded altar of an unknown god.
   783 | D:2      | Reached skill level 1 in Stealth
   847 | D:2      | Reached XP level 3. HP: 28/30 MP: 4/4
   851 | D:2      | Learned a level 3 spell: Inner Flame
  1255 | D:2      | Reached skill level 2 in Stealth
  1337 | D:2      | Reached XP level 4. HP: 35/37 MP: 3/5
  2061 | D:3      | Reached skill level 1 in Translocations
  2067 | D:3      | Reached skill level 3 in Stealth
  2263 | D:3      | Gained mutation: You are clumsy. (Dex -2) [potion of
                  | mutation]
  2263 | D:3      | Gained mutation: You are weak. (Str -2) [potion of
                  | mutation]
  2263 | D:3      | Gained mutation: You are partially covered in iridescent
                  | scales. (AC +2) [potion of mutation]
  2263 | D:3      | Gained mutation: You possess an exceptional clarity of
                  | mind. [potion of mutation]
  2693 | D:3      | Identified a potion of experience
  2693 | D:3      | Reached skill level 9 in Crossbows
  2693 | D:3      | Reached skill level 10 in Stealth
  2693 | D:3      | Reached XP level 5. HP: 30/43 MP: 7/7
  2784 | D:4      | Noticed Blork the orc
  2835 | D:3      | Reached XP level 6. HP: 41/50 MP: 8/8
  2981 | D:4      | Learned a level 3 spell: Portal Projectile
  3179 | D:4      | Noticed a cacodemon
  3180 | D:4      | Found a burning altar of Makhleb.
  3185 | D:4      | Found a glowing silver altar of Zin.
  3185 | D:4      | Noticed an angel
  3195 | D:4      | Became a worshipper of Makhleb the Destroyer
  3261 | D:4      | Noticed Edmund
  3286 | D:4      | HP: 7/46 [Edmund/+1 dire flail of protection (9)]
  3287 | D:4      | Slain by Edmund

Vanquished Creatures
  A necrophage (D:4)
  An orc priest (D:3)
  An orc wizard (D:4)
  3 gnolls (D:2)
  4 adders (D:3)
  3 dart slugs
  6 orcs
  6 ball pythons
  5 bats
  6 endoplasms
  2 giant cockroaches
  8 hobgoblins
  3 jackals (D:2)
  5 quokkas
  6 frilled lizards
  9 goblins
  4 kobolds
  7 rats
80 creatures vanquished.

Vanquished Creatures (others)
  13 plants (D:2)
13 creatures vanquished.

Grand Total: 93 creatures vanquished

Table legend:
 A = Non-vault XP
 B = Vault XP
 C = Vault XP percentage of total XP
 D = Non-vault monster count
 E = Vault monster count
 F = Vault count percentage of total count
                 A         B        C        D         E       F
            +---------+---------+-------+---------+---------+-------
      Total |     330 |      64 |  16.2 |      71 |       9 |  11.2
            +---------+---------+-------+---------+---------+-------
        D:1 |      27 |       3 |  10.0 |      15 |       2 |  11.8
        D:2 |      41 |      44 |  51.8 |      24 |       3 |  11.1
        D:3 |     100 |      17 |  14.5 |      15 |       4 |  21.1
        D:4 |     162 |       0 |   0.0 |      17 |       0 |   0.0
            +---------+---------+-------+---------+---------+-------

Illustrated notes

Table legend:
 A = Kills in this place as a percentage of kills in entire the game.
 B = Kills by you in this place as a percentage of kills by you in the entire game.
 C = Kills by friends in this place as a percentage of kills by friends in the entire game.
 D = Other kills in this place as a percentage of other kills in the entire game.
 E = Experience gained in this place as a percentage of experience gained in the entire game.
 F = Experience gained in this place divided by the number of levels of this place that you have seen.
                   A       B       C       D       E      F
               +-------+-------+-------+-------+-------+----------------------
         Total | 100.0 | 100.0 |   N/A |   N/A | 100.0 |  98.5
       Dungeon | 100.0 | 100.0 |   N/A |   N/A | 100.0 |  98.5
               +-------+-------+-------+-------+-------+----------------------

Table legend: (Time is in decaauts)
 A = Elapsed time spent in this place.
 B = Non-inter-level travel time spent in this place.
 C = Inter-level travel time spent in this place.
 D = Time resting spent in this place.
 E = Time spent auto-exploring this place.
 F = Levels seen in this place.
 G = Mean time per level.
                   A        B        C        D        E       F      G
               +--------+--------+--------+--------+--------+-----+--------+
         Total |   3377 |   3223 |    154 |    280 |   2263 |   4 |  844.2 |
       Dungeon |   3377 |   3223 |    154 |    280 |   2263 |   4 |  844.2 |
               +--------+--------+--------+--------+--------+-----+--------+

Top non-repeatable levels by time:
     D:3: 1155 daAuts
     D:2: 1050 daAuts
     D:1: 796 daAuts
     D:4: 375 daAuts
